 Dungeon Crawl Stone Soup version 0.28.0-1-gb440e238dd (webtiles) character file.

Game seed: 3178147377004637700

81 themarg the Magician (level 4, 0/32 HPs)
             Began as a Gnoll Wanderer on Feb 22, 2022.
             Was a Priest of Lugonu.
             Slain by a kobold brigand (7 damage)
             ... on level 3 of the Dungeon.
             The game lasted 00:09:27 (2254 turns).

themarg the Magician (Gnoll Wanderer)               Turns: 2254, Time: 00:09:27

Health: 0/32       AC:  3    Str: 10    XL:     4   Next: 42%
Magic:  9/13       EV: 11    Int: 14    God:    Lugonu [***...]
Gold:   106        SH:  5    Dex: 12    Spells: 14/17 levels left

rFire   + . .      SeeInvis .   i - +2 dagger (pain)
rCold   . . .      Faith    .   c - +0 buckler
rNeg    . . .      Spirit   .   b - +0 robe
rPois   .          Reflect  .   (no helmet)
rElec   .          Harm     .   (no cloak)
rCorr   .          Rampage  .   s - +0 pair of gloves
Will    +....                   (no boots)
Stlth   ++........              (no amulet)
HPRegen 0.10/turn               f - ring of protection from fire
MPRegen 0.13/turn               g - ring of willpower

@: lethally poisoned (0 -> -2), slowed, very slow
A: fangs 1, strong nose, distributed training
a: Renounce Religion, Depart the Abyss, Bend Space, Banish


You were on level 3 of the Dungeon.
You worshipped Lugonu.
Lugonu was most pleased with you.
You visited 1 branch of the dungeon, and saw 3 of its levels.

You collected 106 gold pieces.

Inventory:

Hand Weapons
 i - a +2 dagger of pain (weapon)
Armour
 b - a +0 robe (worn)
 c - a +0 buckler (worn)
 d - a +0 scale mail
 s - a +0 pair of gloves (worn)
Jewellery
 f - a ring of protection from fire (left hand)
 g - a ring of willpower (right hand)
 k - a +6 ring of strength
Scrolls
 a - a scroll of noise {unknown}
 e - a scroll of blinking {unknown}
 j - 2 scrolls of identify {unknown}
 l - a scroll of teleportation {unknown}
 m - a scroll of summoning {unknown}
 o - a scroll of enchant armour {unknown}
 p - a scroll of immolation {unknown}
 q - a scroll of fog {unknown}
Potions
 h - a potion of brilliance {unknown}
 n - a potion of degeneration {unknown}
 r - 2 potions of invisibility {unknown}


   Skills:
 + Level 1.1 Fighting
 + Level 1.1 Short Blades
 + Level 1.1 Long Blades
 + Level 1.1 Axes
 + Level 1.1 Maces & Flails
 + Level 1.1 Polearms
 + Level 1.1 Staves
 + Level 1.1 Slings
 + Level 1.1 Bows
 + Level 1.1 Crossbows
 + Level 1.1 Throwing
 + Level 2.7 Armour
 + Level 1.1 Dodging
 + Level 2.5 Stealth
 + Level 4.6 Shields
 + Level 1.1 Unarmed Combat
 + Level 7.2 Spellcasting
 + Level 0.9 Conjurations
 + Level 0.9 Hexes
 + Level 0.9 Summonings
 + Level 0.9 Necromancy
 + Level 0.9 Translocations
 + Level 0.9 Transmutations
 + Level 0.9 Fire Magic
 + Level 0.9 Ice Magic
 + Level 0.9 Air Magic
 + Level 0.9 Earth Magic
 + Level 5.4 Poison Magic
 + Level 1.2 Invocations
 + Level 1.1 Evocations


You had 14 spell levels left.
You knew the following spells:

 Your Spells              Type           Power      Damage    Failure   Level
a - Sting                 Tmut/Pois      56%        1d5       4%          1
b - Poisonous Vapours     Pois/Air       28%        N/A       7%          2

Your spell library contained the following spells:

 Spells                   Type           Power      Damage    Failure   Level
 Animate Skeleton         Necr           14%        N/A       12%         1
 Olgreb's Toxic Radiance  Pois           20%        N/A       19%         4
 Inner Flame              Hex/Fire       7%         N/A       36%         3
 Vampiric Draining        Necr           7%         2d6       36%         3
 Cause Fear               Hex            3%         N/A       77%         4
 Discord                  Hex            3%         N/A       100%        8


Dungeon Overview and Level Annotations

Branches:
Dungeon (3/15)

Altars:
Wu Jian
Lugonu

Shops:
D:1 **

Annotations:
D:2 1 runed translucent door, Crazy Yiuf, Sigmund


Innate Abilities, Weirdness & Mutations

You have very sharp teeth.
Your uncanny sense of smell can sniff out nearby items.
Your experience applies equally to all skills.


Message History

Press: ? - help, Shift-Dir - straight line, f/p - kobold
Aim: a kobold, wielding a +0 club (moderately wounded, poisoned, 64% to hit)
The sting hits the kobold.
The kobold looks even sicker.
You kill the kobold!
Lugonu accepts your kill.
You start resting.
A kobold brigand is nearby!
Casting: Sting (safe; 4% risk of failure)
Confirm with . or Enter, or press ? or * to list all spells.
Aiming: Sting (safe; 4% risk of failure)
Press: ? - help, Shift-Dir - straight line, f - kobold brigand
Aim: a kobold brigand, wielding a +0 whip and quivering curare-tipped darts (64% to hit)
The sting hits the kobold brigand.
The kobold brigand is poisoned.
The kobold brigand is moderately wounded.
Casting: Sting (safe; 4% risk of failure)
Confirm with . or Enter, or press ? or * to list all spells.
Aiming: Sting (safe; 4% risk of failure)
Press: ? - help, Shift-Dir - straight line, f/p - kobold brigand
Aim: a kobold brigand, wielding a +0 whip and quivering curare-tipped darts (moderately wounded, poisoned, 64% to hit)
The sting hits the kobold brigand.
The kobold brigand looks even sicker.
The kobold brigand is moderately wounded.
The kobold brigand hits you with a +0 whip.
Casting: Sting (safe; 4% risk of failure)
Confirm with . or Enter, or press ? or * to list all spells.
Aiming: Sting (safe; 4% risk of failure)
Press: ? - help, Shift-Dir - straight line, f/p - kobold brigand
Aim: a kobold brigand, wielding a +0 whip and quivering curare-tipped darts (moderately wounded, very poisoned, 64% to hit)
The sting hits the kobold brigand.
The kobold brigand looks even sicker.
The kobold brigand is heavily wounded.
The kobold brigand hits you with a +0 whip.
The kobold brigand throws a curare-tipped dart.
The curare-tipped dart hits you.
You are poisoned.
You have difficulty breathing.
* * * LOW HITPOINT WARNING * * *
You feel yourself slow down.
You feel sick.
You feel sick.
The kobold brigand hits you with a +0 whip!
You die...

#.# #.# ####.#
#####....# #........# ##
#.......## ... #.......#
###.... ###'#...#
#######.......
#.#.#######..@##..).....
#.#.....#...#.K..#..#..#
#†####....######## .#
#.##....#### #
#....##.#..#
#.....#.#..#
#..##.#....##
#...#.###.#.##
#.>.+........# ∆


You could see a kobold brigand (very poisoned).

Vanquished Creatures
  3 adders
  2 dart slugs
  5 ball pythons
  3 bats
  4 endoplasms
  A giant cockroach (D:1)
  5 goblins
  4 hobgoblins
  3 jackals (D:2)
  5 kobolds
  A quokka (D:1)
  6 frilled lizards
  8 rats
50 creatures vanquished.

Notes
Turn   | Place    | Note
-------+----------+-------------------------------------------
     0 | D:1      | themarg the Gnoll Wanderer began the quest for the Orb.
     0 | D:1      | themarg set off with the following items: a +0 club, a +0
                  | robe, a +0 buckler; and the following spells available to
                  | memorise: Sting, Poisonous Vapours, Animate Skeleton,
                  | Olgreb's Toxic Radiance, Vampiric Draining
     0 | D:1      | Reached XP level 1. HP: 13/13 MP: 8/8
     2 | D:1      | Learned a level 1 spell: Sting
    69 | D:1      | Reached XP level 2. HP: 19/19 MP: 3/10
   131 | D:1      | Learned a level 2 spell: Poisonous Vapours
   194 | D:1      | Found Jomeeniu's Assorted Antiques.
   306 | D:1      | Found Baewk's Assorted Antiques.
   741 | D:1      | Found a faded altar of an unknown god.
   744 | D:1      | Reached XP level 3. HP: 25/25 MP: 8/11
   772 | D:1      | Prayed at the altar of an unknown god.
   772 | D:1      | Became a worshipper of Lugonu the Unformed
   772 | D:1      | Reached * piety under Lugonu
   772 | D:1      | Reached ** piety under Lugonu
   933 | D:2      | Noticed Sigmund
  1233 | D:2      | Reached skill level 1 in Invocations
  1410 | D:2      | Reached skill level 1 in Fighting
  1410 | D:2      | Reached skill level 1 in Short Blades
  1410 | D:2      | Reached skill level 1 in Long Blades
  1410 | D:2      | Reached skill level 1 in Axes
  1410 | D:2      | Reached skill level 1 in Maces & Flails
  1410 | D:2      | Reached skill level 1 in Polearms
  1410 | D:2      | Reached skill level 1 in Staves
  1410 | D:2      | Reached skill level 1 in Slings
  1410 | D:2      | Reached skill level 1 in Bows
  1410 | D:2      | Reached skill level 1 in Crossbows
  1410 | D:2      | Reached skill level 1 in Throwing
  1410 | D:2      | Reached skill level 1 in Dodging
  1410 | D:2      | Reached skill level 1 in Unarmed Combat
  1410 | D:2      | Reached skill level 1 in Evocations
  1628 | D:2      | Found a runed translucent door.
  1629 | D:2      | Noticed Crazy Yiuf
  1820 | D:3      | Reached XP level 4. HP: 32/32 MP: 11/13
  1848 | D:3      | Found an ornate altar of the Wu Jian Council.
  2148 | D:3      | Noticed a kobold brigand
  2162 | D:3      | Reached *** piety under Lugonu
  2254 | D:3      | Slain by a kobold brigand

Illustrated notes

Levels and vault maps discovered:
D:1:      saegor_arrival_simple_a, layout_loops_cross,
          hellmonk_ecumenical_altar_arch_garden, serial_shops,
          nicolae_shop_temple_entry_statues_fountains,
          nicolae_shop_hallway_stairs
D:2:      layout_loops_ring, uniq_sigmund, uniq_crazy_yiuf_cottage
D:3:      cheibrodos_thug_alley, layout_basic,
          mainiacjoe_overflow_surrounded_room,
          mainiacjoe_overflow_six_doors_small

Skill      XL: |  1  2  3 |
---------------+----------+-----
Invocations    | 1 |  1.2
Fighting       | 1 |  1.1
Short Blades   | 1 |  1.1
Long Blades    | 1 |  1.1
Axes           | 1 |  1.1
Maces & Flails | 1 |  1.1
Polearms       | 1 |  1.1
Staves         | 1 |  1.1
Slings         | 1 |  1.1
Bows           | 1 |  1.1
Crossbows      | 1 |  1.1
Throwing       | 1 |  1.1
Dodging        | 1 |  1.1
Unarmed Combat | 1 |  1.1
Evocations     | 1 |  1.1
Armour         | |  2.7
Stealth        | |  2.5
Shields        | |  4.6
Spellcasting   | |  7.2
Conjurations   | |  0.9
Hexes          | |  0.9
Summonings     | |  0.9
Necromancy     | |  0.9
Translocations | |  0.9
Transmutations | |  0.9
Fire Magic     | |  0.9
Ice Magic      | |  0.9
Air Magic      | |  0.9
Earth Magic    | |  0.9
Poison Magic   | |  5.4

Action                   |  1- 3 |  4- 6 || total
-------------------------+-------+-------++-------
Melee: Club              |     1 |       ||     1
       Dagger            |    45 |    18 ||    63
       Bite              |     3 |     3 ||     6
 Cast: Sting             |    41 |    19 ||    60
Armor: Robe              |     7 |     4 ||    11
Dodge: Dodged            |    18 |     8 ||    26
Block: Buckler           |    13 |     1 ||    14
